 Dungeon Crawl Stone Soup version 0.27-a0-1090-gb115f176c6 (webtiles) character file.

Game seed: 4413710163776127148

3350 robertstho the Thaumaturge (level 10, -10/64 HPs)
             Began as a Djinni Fire Elementalist on Apr 27, 2021.
             Was an Initiate of Ashenzari.
             Mangled by a skeletal warrior
             ... wielding a +0 scimitar
              (33 damage)
             ... on level 7 of the Dungeon.
             The game lasted 00:14:52 (8690 turns).

robertstho the Thaumaturge (DjFE)                   Turns: 8690, Time: 00:14:53

Health: -10/64     AC:  6    Str:  7    XL:     10   Next: 3%
Gold:   196        EV: 13    Int: 19    God:    Ashenzari [......] SH:  0 Dex: 15

rFire    + + .     SeeInvis .   v - +4 halberd (protect)
rCold    x . .     Faith    .   (shield currently unavailable)
rNeg     . . .     Spirit   .   a - +0 robe
rPois    ∞         Reflect  .   j - +1 helmet
rElec    .         Harm     .   l - +0 cloak
rCorr    .         Rampage  .   u - +0 pair of gloves
Will     +....                  (boots unavailable)
Stlth    +++.......             k - amulet of the acrobat
HPRegen  0.20/turn              (no ring)
MPRegen  0.00/turn              (no ring)

@: flying
A: fire resistance 2, cold vulnerability 1, float, innate caster, hp casting,
extra vitality 1
a: Renounce Religion


You were on level 7 of the Dungeon.
You worshipped Ashenzari.
Ashenzari was noncommittal.
You visited 2 branches of the dungeon, and saw 8 of its levels.

You collected 472 gold pieces.
You spent 276 gold pieces at shops.

Inventory:

Hand Weapons
 r - a +0 short sword of venom
 v - a +4 halberd of protection (weapon)
Armour
 a - a +0 robe (worn)
 j - a +1 helmet (worn)
 l - a +0 cloak (worn)
 u - a +0 pair of gloves (worn)
Jewellery
 k - an amulet of the acrobat (around neck)
Wands
 x - a wand of iceblast (10)
Scrolls
 d - 3 scrolls of torment
 m - a scroll of immolation
 o - 3 scrolls of summoning
 q - a scroll of enchant weapon
 s - a scroll of fog
Potions
 b - a potion of ambrosia
 c - 2 potions of might
 f - 2 potions of mutation
 n - a potion of haste
 p - 2 potions of brilliance
 w - a potion of invisibility
 z - 2 potions of berserk rage
 B - 3 potions of heal wounds


   Skills:
 + Level 1.9 Fighting
 + Level 0.2 Polearms
 + Level 4.2 Dodging
 + Level 4.1 Stealth
 + Level 10.8 Spellcasting


You had 5 spell levels left.
You knew the following spells:

 Your Spells              Type           Power      Damage    Failure   Level
a - Foxfire               Conj/Fire      100%       2x1d9     1%          1
b - Conjure Flame         Conj/Fire      50%        6-21      1%          3
c - Inner Flame           Hex/Fire       50%        N/A       1%          3
d - Sticky Flame          Conj/Fire      50%        2d7       1%          4
e - Fireball              Conj/Fire      25%        3d11      2%          5
f - Sting                 Tmut/Pois      100%       1d8       1%          1
g - Call Imp              Summ           50%        N/A       1%          2
h - Wereblood             Tmut           50%        N/A       1%          2
i - Animate Armour        Summ/Erth      100%       N/A       1%          4
Your spell library was empty.

Dungeon Overview and Level Annotations

Branches:
Dungeon (7/15)             Temple (1/1) D:7

Altars:
Ashenzari
Cheibriados
Dithmenos
Elyvilon
Nemelex Xobeh
Qazlal
Trog
Uskayaw
Wu Jian
Yredelemnul
Zin
The Shining One

Shops:
D:5 (:?:

Annotations:
D:6 2 runed translucent doors, Splishie's ghost, weakling GnWn


Innate Abilities, Weirdness & Mutations

You are immune to poison.
Your flesh is very heat resistant. (rF++)
You are vulnerable to cold. (rC-)
You float through the air rather than walking.
You learn spells naturally, not from books.
Your magical power is your life essence.
You have superior vitality. (+4 HP)


Message History

The fireball explodes!
The fireball engulfs the skeletal warrior!
The skeletal warrior is moderately damaged.
Casting: Fireball (dangerous; 2% risk of failure)
Confirm with . or Enter, or press ? or * to list all spells.
Aiming: Fireball (dangerous; 2% risk of failure)
Press: ? - help, Shift-Dir - straight line, f/p - skeletal warrior
Aim: a skeletal warrior, wielding a +0 scimitar and quivering stones (moderately damaged)
The fireball explodes!
The fireball engulfs the skeletal warrior.
The skeletal warrior is moderately damaged.
Casting: Fireball (dangerous; 2% risk of failure)
Confirm with . or Enter, or press ? or * to list all spells.
Aiming: Fireball (dangerous; 2% risk of failure)
Press: ? - help, Shift-Dir - straight line, f/p - skeletal warrior
Aim: a skeletal warrior, wielding a +0 scimitar and quivering stones (moderately damaged)
The fireball explodes!
The fireball engulfs the skeletal warrior!!
The skeletal warrior is severely damaged.
The skeletal warrior throws a stone.
The stone hits you!
Casting: Fireball (dangerous; 2% risk of failure)
Confirm with . or Enter, or press ? or * to list all spells.
Aiming: Fireball (dangerous; 2% risk of failure)
Press: ? - help, Shift-Dir - straight line, f/p - skeletal warrior
Aim: a skeletal warrior, wielding a +0 scimitar and quivering stones (severely damaged)
The fireball explodes!
The fireball engulfs the skeletal warrior!
The skeletal warrior is almost destroyed.
Casting: Fireball (dangerous; 2% risk of failure)
Confirm with . or Enter, or press ? or * to list all spells.
Aiming: Sticky Flame (dangerous; 1% risk of failure)
Press: ? - help, Shift-Dir - straight line, f/p - skeletal warrior
Aim: a skeletal warrior, wielding a +0 scimitar and quivering stones (almost destroyed, 100% to hit)
The sticky flame hits the skeletal warrior but does no damage.
The skeletal warrior is almost destroyed.
The skeletal warrior is covered in liquid flames!
The skeletal warrior burns!
The skeletal warrior hits you with a +0 scimitar!!
Ouch! That really hurt!
You die...

#.#.....# ##'## #.##.##.##
##...#### #.####.##.##.# ##.##
#.#.......##.# #.#
##.#.##.......#
#.#########..........####
##.##............###.##
##.#.#.#####......# #.#
##.###..# #.#.#..###.# #.##
##.# ###.@.....<..# ##.###..#
#..z#.########
##.#.#.###.#.#.# ##
##.##.........# #####.
#########.#.#..# #.#.'.
#......>.......####### ##..##
#.####...#.⌠.#.......# #...#.
#.##...#.......#...#.#####'##.
#.##.#...⌠.>.⌠...#.#.##888.##.


You could see a skeletal warrior (burning).

Vanquished Creatures
  Sigmund (D:3)
  Eustachio (D:4)
  Menkaure (D:5)
  Edmund (D:5)
  A water moccasin (D:6)
  8 ice beasts
  2 black bears
  2 centaurs (D:7)
  3 ogres
  A phantom (D:6)
  A kobold brigand (D:6)
  A bullfrog (D:6)
  Blork the orc (D:5)
  4 scorpions
  A water moccasin zombie (D:5)
  A wyvern skeleton (D:6)
  A wight (D:7)
  2 howler monkeys
  A bullfrog zombie (D:7)
  4 hounds
  Crazy Yiuf (D:3)
  A gnoll shaman (D:5)
  2 jellies
  2 iguanas
  A centaur skeleton (D:4)
  2 orc wizards
  A hound skeleton (D:5)
  Robin (D:3)
  3 gnolls (D:5)
  7 adders
  A shadow imp (D:6)
  A white imp (D:6)
  A worm (D:2)
  9 orcs
  3 ball pythons
  9 endoplasms
  2 giant cockroaches
  9 goblins
  11 hobgoblins
  6 jackals (D:4)
  17 kobolds
  3 quokkas
  6 bats
  6 frilled lizards
  6 rats
149 creatures vanquished.

Vanquished Creatures (others)
  An orc wizard (D:7)
  773 foxfires
774 creatures vanquished.

Grand Total: 923 creatures vanquished

Notes
Turn   | Place    | Note
-------+----------+-------------------------------------------
     0 | D:1      | robertstho the Djinni Fire Elementalist began the quest for
                  | the Orb.
     0 | D:1      | Reached XP level 1. HP: 15/15 MP: 0/0
   230 | D:1      | Found a faded altar of an unknown god.
   362 | D:1      | Reached skill level 3 in Spellcasting
   364 | D:1      | Reached XP level 2. HP: 15/21 MP: 0/0
  1200 | D:2      | Reached XP level 3. HP: 10/25 MP: 0/0
  1200 | D:2      | Learned a level 1 spell: Sting
  2303 | D:3      | Found a stormy altar of Qazlal.
  2453 | D:3      | Reached XP level 4. HP: 13/31 MP: 0/0
  2454 | D:3      | Reached skill level 4 in Spellcasting
  2680 | D:3      | Noticed Robin
  2689 | D:3      | Killed Robin
  2694 | D:3      | Reached XP level 5. HP: 15/35 MP: 0/0
  2694 | D:3      | Learned a level 2 spell: Call Imp
  3644 | D:3      | Noticed Sigmund
  3656 | D:3      | Killed Sigmund
  3657 | D:3      | Reached skill level 5 in Spellcasting
  3657 | D:3      | Reached XP level 6. HP: 17/40 MP: 0/0
  3865 | D:3      | Found a runed translucent door.
  3866 | D:3      | Noticed Crazy Yiuf
  4000 | D:3      | Killed Crazy Yiuf
  4087 | D:4      | Noticed an ice beast
  4092 | D:4      | Killed an ice beast
  4093 | D:4      | Reached XP level 7. HP: 40/45 MP: 0/0
  4093 | D:4      | Learned a level 2 spell: Wereblood
  4098 | D:4      | Identified the +1 spear of Watchfulness {antimagic, *Slow
                  | Int+3}
  4142 | D:4      | Reached skill level 1 in Fighting
  4342 | D:4      | Reached skill level 6 in Spellcasting
  4769 | D:4      | Noticed Eustachio
  4938 | D:4      | Killed Eustachio
  4939 | D:4      | Reached skill level 7 in Spellcasting
  4939 | D:4      | Reached XP level 8. HP: 46/52 MP: 0/0
  5056 | D:5      | Entered Level 5 of the Dungeon
  5084 | D:5      | Noticed Menkaure
  5089 | D:5      | Killed Menkaure
  5190 | D:5      | Found Zanuud's Antique Armour Boutique.
  5258 | D:5      | Noticed Blork the orc
  5269 | D:5      | Killed Blork the orc
  5269 | D:5      | Noticed Edmund
  5277 | D:5      | Killed Edmund
  5278 | D:5      | Reached skill level 8 in Spellcasting
  5584 | D:5      | Found Miamuwik's Book Shop.
  5609 | D:5      | Reached XP level 9. HP: 49/57 MP: 0/0
  5609 | D:5      | Learned a level 4 spell: Animate Armour
  5695 | D:5      | Found Xoofesty's Weapon Emporium.
  5770 | D:5      | Found Ivai's Magic Scroll Boutique.
  5814 | D:5      | Bought a scroll of fear for 42 gold pieces
  5814 | D:5      | Bought a scroll of identify for 24 gold pieces
  5814 | D:5      | Bought a scroll of teleportation for 36 gold pieces
  5814 | D:5      | Bought a scroll of summoning for 114 gold pieces
  5814 | D:5      | Bought a scroll of identify for 24 gold pieces
  5814 | D:5      | Bought a scroll of teleportation for 36 gold pieces
  5827 | D:5      | Found Qarulus's Book Boutique.
  5862 | D:5      | Reached skill level 9 in Spellcasting
  6759 | D:6      | Reached skill level 10 in Spellcasting
  6918 | D:6      | Found a runed translucent door.
  6922 | D:6      | Noticed Splishie's ghost (weakling GnWn)
  7138 | D:6      | Found a runed translucent door.
  7145 | D:6      | Found an ornate altar of the Wu Jian Council.
  7146 | D:6      | Found a white marble altar of Elyvilon.
  8135 | D:7      | Found a staircase to the Ecumenical Temple.
  8150 | Temple   | Entered the Ecumenical Temple
  8206 | Temple   | Became a worshipper of Ashenzari the Shackled
  8363 | D:7      | Reached XP level 10. HP: 59/63 MP: 0/0
  8457 | D:7      | Noticed a cyan ugly thing
  8457 | D:7      | Noticed a skeletal warrior
  8460 | D:7      | Noticed a skeletal warrior
  8690 | D:7      | Mangled by a skeletal warrior

Illustrated notes

Levels and vault maps discovered:
D:1:      dpeg_arrival_pond, layout_basic,
          hellmonk_ecumenical_altar_pennies_from_heaven
D:2:      layout_rooms, kennysheep_generic_room_6
D:3:      layout_loops_corners, overflow_temple_1_default,
          uniq_crazy_yiuf_cottage, uniq_sigmund, uniq_robin
D:4:      layout_rooms, uniq_eustachio
D:5:      layout_rooms, serial_shops, nicolae_shop_behind_doors, shop, shop,
          shop, kennysheep_little_box, uniq_edmund, uniq_blork_the_orc,
          uniq_menkaure
D:6:      layout_loops_ring, grunt_temple_overflow_open, ebering_ghost_sewer_f
D:7:      minmay_chambers_of_sevens, layout_loops_corners,
          minmay_temple_entry_sparse_star
Temple:   nicolae_temple_elliptical

Skill      XL: |  1  2  3  4  5  6  7  8  9 |
---------------+----------------------------+-----
Spellcasting   | 3 4 5 7 8 10 | 10.8
Stealth        | 2 3 4 |  4.1
Dodging        | 3 4 |  4.2
Fighting       | 1 |  1.9
Polearms       | |  0.2

Action                   |  1- 3 |  4- 6 |  7- 9 | 10-12 || total
-------------------------+-------+-------+-------+-------++-------
Melee: Halberd           |       |       |     6 |       ||     6
 Cast: Foxfire           |   101 |    63 |   295 |    16 ||   475
       Sticky Flame      |       |     3 |    10 |     1 ||    14
       Fireball          |       |       |       |     5 ||     5
  Use: Scroll            |       |       |     9 |     4 ||    13
Armor: Robe              |     2 |     2 |     6 |     3 ||    13
Dodge: Dodged            |    10 |     8 |    23 |     7 ||    48

Table legend: (Time is in decaauts)
 A = Elapsed time spent in this place.
 B = Non-inter-level travel time spent in this place.
 C = Inter-level travel time spent in this place.
 D = Time resting spent in this place.
 E = Time spent auto-exploring this place.
 F = Levels seen in this place.
 G = Mean time per level.
                   A        B        C        D        E       F      G
               +--------+--------+--------+--------+--------+-----+--------+
         Total |   8691 |   8482 |    209 |    249 |   7242 |   8 | 1086.4 |
       Dungeon |   8614 |   8439 |    175 |    249 |   7204 |   7 | 1230.6 |
        Temple |     76 |     43 |     33 |      0 |     38 |   1 |   76.0 |
               +--------+--------+--------+--------+--------+-----+--------+

Top non-repeatable levels by time:
     D:3: 2074 daAuts
     D:6: 1339 daAuts
     D:1: 1193 daAuts
     D:7: 1120 daAuts
     D:5: 1098 daAuts
     D:2: 897 daAuts
     D:4: 889 daAuts
  Temple: 76 daAuts
